 Dungeon Crawl Stone Soup version 0.27-a0-1219-g958d993ae5 (webtiles) character file.

Game seed: 4332925863882879983

712 bande the Covered (level 7, -6/44 HPs)
             Began as a Gargoyle Fighter on June 6, 2021.
             Was an Initiate of Okawaru.
             Mangled by a gnoll
             ... wielding a +0 spear
              (8 damage)
             ... on level 5 of the Dungeon.
             The game lasted 00:09:52 (6952 turns).

bande the Covered (Gargoyle Fighter)                Turns: 6952, Time: 00:09:53

Health: -6/44      AC: 17    Str: 20    XL:     7   Next: 68%
Magic:  8/8        EV:  6    Int:  9    God:    Okawaru [......]
Gold:   273        SH:  9    Dex: 10    Spells: 4/6 levels left

rFire    . . .     SeeInvis .   a - +1 war axe (vorpal)
rCold    . . .     Faith    .   c - +0 kite shield
rNeg     + . .     Spirit   .   r - +0 chain mail
rPois    ∞         Reflect  .   (no helmet)
rElec    +         Harm     .   p - +0 cloak
rCorr    .         Rampage  .   l - +0 pair of gloves
Will     .....                  (no boots)
Stlth    ..........             (no amulet)
HPRegen  0.14/turn              (no ring)
MPRegen  0.11/turn              (no ring)

@: mighty
A: sickness immunity, AC +4, negative energy resistance 1, electricity
resistance, torment resistance 1, petrification resistance
a: Renounce Religion


You were on level 5 of the Dungeon.
You worshipped Okawaru.
Okawaru was noncommittal.
You visited 1 branch of the dungeon, and saw 5 of its levels.

You collected 273 gold pieces.

Inventory:

Hand Weapons
 a - a +1 vorpal war axe (weapon)
 f - a +3 flail
Armour
 c - a +0 kite shield (worn)
 l - a +0 pair of gloves (worn)
 p - a +0 cloak (worn)
 r - a +0 chain mail (worn)
Wands
 q - a wand of acid (8)
Scrolls
 g - a scroll of magic mapping
 h - 2 scrolls of brand weapon
 m - a scroll of vulnerability
 o - a scroll of teleportation
Potions
 b - a potion of invisibility {unknown}
 d - a potion of might
 e - 4 potions of resistance
 k - a potion of haste


   Skills:
 + Level 4.3 Fighting
 + Level 4.9 Axes
 + Level 5.0 Armour
 - Level 1.2 Dodging
 - Level 0.1 Stealth
 + Level 4.7 Shields
 * Level 1.2 Translocations
 * Level 1.4 Invocations
 * Level 1.2 Evocations


You had 4 spell levels left.
You knew the following spells:

 Your Spells              Type           Power      Damage    Failure   Level
a - Blink                 Tloc           N/A        N/A       100%        2

Your spell library contained the following spells:

 Spells                   Type           Power      Damage    Failure   Level
 Magic Dart               Conj           0%         1d3       100%        1
 Call Imp                 Summ           0%         N/A       100%        2
 Slow                     Hex            0%         N/A       100%        2
 Conjure Flame            Conj/Fire      0%         6-21      100%        3
 Mephitic Cloud           Conj/Pois/Air  0%         N/A       100%        3


Dungeon Overview and Level Annotations

Branches:
Dungeon (5/15)
 Temple: D:4-7

Altars:
Cheibriados
Makhleb
Okawaru
Vehumet
The Shining One

Shops:
D:1 [   D:3 [

Annotations:
D:5 1 transporter, relicbr's ghost, novice DsNe


Innate Abilities, Weirdness & Mutations

You are immune to sickness and miasma.
Your stone body is resilient. (AC +4)
You are immune to poison.
You resist negative energy. (rN+)
You are resistant to electric shocks. (rElec)
You are resistant to unholy torment.
You are immune to petrification.


Message History

Relicbr's ghost hits you but does no damage.
You block the gnoll sergeant's attack. The gnoll sergeant blocks your attack.
You slash relicbr's ghost! Relicbr's ghost barely misses you.
You block the gnoll sergeant's attack. You block relicbr's ghost's attack.
The gnoll sergeant blocks your attack.
You closely miss relicbr's ghost. You block the gnoll sergeant's attack.
Relicbr's ghost hits you.
* * * LOW HITPOINT WARNING * * *
The gnoll sergeant hits you but does no damage.
You barely miss the gnoll sergeant. You slash relicbr's ghost!
The gnoll drinks a potion.
The gnoll seems to speed up.
You block relicbr's ghost's attack.
The gnoll sergeant hits you but does no damage.
You slash the gnoll sergeant!
The gnoll sergeant is severely wounded.
You hit relicbr's ghost.
Relicbr's ghost hits you but does no damage.
The gnoll sergeant hits you with a +4 trident of venom.
* * * LOW HITPOINT WARNING * * *
Relicbr's ghost casts a spell at you. Pain shoots through your body!
* * * LOW HITPOINT WARNING * * *
The gnoll sergeant hits you with a +4 trident of venom.
* * * LOW HITPOINT WARNING * * *
You closely miss the gnoll sergeant.
The gnoll sergeant is severely wounded.
Your shield and chain mail prevent you from hitting relicbr's ghost.
The gnoll hits you but does no damage.
Relicbr's ghost gestures at you while chanting.
You struggle to resist.
The gnoll hits you but does no damage.
The gnoll sergeant hits you but does no damage.
The gnoll hits you from afar with a +0 spear.
* * * LOW HITPOINT WARNING * * *
Relicbr's ghost points at you and mumbles some strange words.
You struggle to resist.
You hit the gnoll sergeant but do no damage.
The gnoll sergeant is severely wounded.
You barely miss relicbr's ghost.
The gnoll hits you from afar with a +0 spear!
You die...

####################
#..................###########
#............................#
#..≈≈≈≈≈≈≈≈≈≈≈...≈≈≈≈≈≈≈≈≈≈≈.#
###..≈≈≈≈≈≈≈≈≈≈≈...≈≈≈≈≈≈≈≈≈≈≈.#
>##..≈≈#####...........#####≈≈.#
.....≈≈#.gg#.###.©.###.#..[#≈≈.##
####.≈≈#...###©#####.###..g#≈≈..#
..#..≈≈###....gg@........###≈≈..#
..(..≈≈.8#.######W######g#8.≈≈..#
.....≈≈.##.#.⌠.#.g8#Wg$#.##.≈≈..#
.....≈≈.#..'.....©⌠#:.$'..#.≈≈..#
###+.≈≈.##.#.⌠.#..8#=.$#.##.≈≈..#
###..≈≈.8#.######'######.#8.≈≈..#
.....≈≈###...............###≈≈(.#
.....≈≈#g..###g#####.###...#≈≈..#
##.#.≈≈#g..#.###.©.###.#...#≈≈..#


You could see a gnoll sergeant, a gnoll shaman, relicbr's ghost and a gnoll
(fast).

Vanquished Creatures
  Eustachio (D:5)
  A phantom (D:5)
  2 hounds
  Crazy Yiuf (D:4)
  Natasha (thrice) (D:2)
  An iguana (D:4)
  10 gnolls
  3 howler monkey skeletons
  5 adders
  A shadow imp (D:5)
  An ufetubus (D:5)
  6 worms
  2 dart slugs
  5 orcs
  4 endoplasms
  2 giant cockroaches
  5 hobgoblins
  10 jackals
  2 quokkas
  2 ball pythons
  6 bats
  5 frilled lizards
  10 goblins
  4 kobolds
  5 rats
97 creatures vanquished.

Vanquished Creatures (collateral kills)
  A water moccasin skeleton (D:4)
1 creature vanquished.

Vanquished Creatures (others)
  7 plants
7 creatures vanquished.

Grand Total: 105 creatures vanquished

Notes
Turn   | Place    | Note
-------+----------+-------------------------------------------
     0 | D:1      | bande the Gargoyle Fighter began the quest for the Orb.
     0 | D:1      | Reached XP level 1. HP: 14/14 MP: 1/1
    43 | D:1      | Found Oggiugil's Antique Armour Shop.
   269 | D:1      | Reached XP level 2. HP: 19/19 MP: 2/2
   898 | D:2      | Reached XP level 3. HP: 16/23 MP: 3/3
  1024 | D:2      | Noticed Natasha
  1036 | D:2      | Killed Natasha
  1387 | D:2      | Noticed Natasha
  1398 | D:2      | Killed Natasha
  1399 | D:2      | Reached skill level 4 in Armour
  1399 | D:2      | Reached XP level 4. HP: 12/29 MP: 4/4
  1401 | D:2      | Noticed Natasha
  1611 | D:2      | Killed Natasha
  1809 | D:2      | Found a faded altar of an unknown god.
  1859 | D:1      | Reached XP level 5. HP: 11/33 MP: 5/5
  3634 | D:2      | Reached XP level 6. HP: 6/38 MP: 6/6
  4274 | D:3      | Found a glowing golden altar of the Shining One.
  4326 | D:3      | Reached skill level 1 in Dodging
  4365 | D:3      | Found Zoeziaz's Armour Boutique.
  4398 | D:3      | Found a snail-covered altar of Cheibriados.
  4726 | D:4      | Found an iron altar of Okawaru.
  4738 | D:4      | Became a worshipper of Warmaster Okawaru
  5452 | D:4      | Found a runed translucent door.
  5453 | D:4      | Noticed Crazy Yiuf
  5822 | D:4      | Killed Crazy Yiuf
  6005 | D:5      | Entered Level 5 of the Dungeon
  6011 | D:5      | Learned a level 2 spell: Blink
  6126 | D:5      | Identified the +0 scale mail "Ditse" {Fly Dex+6}
  6126 | D:5      | Identified the +3 buckler "Agieps" {Contam Str+6 Dex+3}
  6164 | D:5      | Found a transporter.
  6164 | D:5      | Found a transporter.
  6174 | D:5      | Noticed relicbr's ghost (novice DsNe)
  6283 | D:5      | Reached XP level 7. HP: 37/43 MP: 7/7
  6326 | D:5      | Found a radiant altar of Vehumet.
  6377 | D:5      | Found a burning altar of Makhleb.
  6496 | D:5      | Noticed Eustachio
  6512 | D:5      | Killed Eustachio
  6513 | D:5      | Reached skill level 5 in Armour
  6513 | D:5      | Reached skill level 1 in Translocations
  6513 | D:5      | Reached skill level 1 in Invocations
  6542 | D:5      | Reached skill level 1 in Evocations
  6951 | D:5      | HP: 2/44 [gnoll/+0 spear (1)]
  6952 | D:5      | Mangled by a gnoll

Illustrated notes

Levels and vault maps discovered:
D:1:      dpeg_arrival_solitude, layout_loops_cross, serial_shops, shop,
          serial_forest, infiniplex_forest_zigzag_1,
          infiniplex_forest_clump_diagonal, infiniplex_forest_clump_long,
          infiniplex_forest_straight_2, infiniplex_forest_straight_2,
          infiniplex_forest_straight_2
D:2:      kennysheep_six_static_rooms, layout_basic,
          ebering_ecumenical_altar_abandoned, uniq_natasha
D:3:      layout_basic, kennysheep_slug_shrine, tso_metal_star, serial_shops,
          shop
D:4:      layout_basic, amcnicky_altar_gilded, kennysheep_generic_room_8,
          uniq_crazy_yiuf_cottage
D:5:      layout_gridville, lemuel_coloured_pillars_altar,
          nicolae_vehumet_altar_sigil, gammafunk_ghost_gnarly_gnolls,
          uniq_eustachio

Skill      XL: |  1  2  3  4  5  6  7 |
---------------+----------------------+-----
Axes           | 2 3 4 |  4.9
Armour         | 4 5 |  5.0
Shields        | 4 |  4.7
Fighting       | 4 |  4.3
Dodging        | 1 |  1.2
Translocations | 1 |  1.2
Invocations    | 1 |  1.4
Evocations     | 1 |  1.2
Stealth        | |  0.1

Action                   |  1- 3 |  4- 6 |  7- 9 || total
-------------------------+-------+-------+-------++-------
Melee: War axe           |    90 |   233 |    42 ||   365
  Use: Potion            |     3 |     1 |     4 ||     8
       Scroll            |     1 |    10 |       ||    11
Armor: Scale mail        |    70 |   112 |       ||   182
       Chain mail        |       |     7 |    56 ||    63
Dodge: Dodged            |    33 |    88 |    21 ||   142
Block: Kite shield       |    51 |   134 |    43 ||   228

Table legend: (Time is in decaauts)
 A = Elapsed time spent in this place.
 B = Non-inter-level travel time spent in this place.
 C = Inter-level travel time spent in this place.
 D = Time resting spent in this place.
 E = Time spent auto-exploring this place.
 F = Levels seen in this place.
 G = Mean time per level.
                   A        B        C        D        E       F      G
               +--------+--------+--------+--------+--------+-----+--------+
         Total |   7174 |   7099 |     75 |   2596 |   3404 |   5 | 1434.8 |
       Dungeon |   7174 |   7099 |     75 |   2596 |   3404 |   5 | 1434.8 |
               +--------+--------+--------+--------+--------+-----+--------+

Top non-repeatable levels by time:
     D:2: 2809 daAuts
     D:4: 1331 daAuts
     D:1: 1212 daAuts
     D:5: 972 daAuts
     D:3: 849 daAuts
